 Dungeon Crawl Stone Soup version 0.28.0-53-g5a82cb258f (webtiles) character file.

Game seed: 7842400831009486225

905 Holzbalken the Cleaver (level 7, -1/50 HPs)
             Began as a Demonspawn Gladiator on May 28, 2022.
             Was an Initiate of Qazlal.
             Slain by an orc warrior
             ... wielding a +0 war axe
              (15 damage)
             ... on level 5 of the Dungeon.
             The game lasted 00:12:12 (5856 turns).

Holzbalken the Cleaver (Demonspawn Gladiator)       Turns: 5856, Time: 00:12:12

Health: -1/50      AC: 12    Str: 17    XL:     7   Next: 80%
Magic:  16/16      EV: 10    Int:  9    God:    Qazlal [......]
Gold:   125        SH:  6    Dex: 23    Spells: 6/6 levels left

rFire   . . .      SeeInvis .   a - +0 war axe (freeze)
rCold   + . .      Faith    .   k - +1 buckler "Iggeweh" {rElec rF- MP+9 Dex+3}
rNeg    . . .      Spirit   .   m - +0 scale mail
rPois   .          Reflect  .   c - +0 helmet
rElec   +          Harm     .   s - scarf {rC+ rF+}
rCorr   .          Rampage  .   i - +0 pair of gloves
Will    .....                   (no boots)
Stlth   +.........              (no amulet)
HPRegen 0.16/turn               h - +6 ring of dexterity
MPRegen 0.15/turn               t - +4 ring of protection

@: no status effects
A: powered by pain 1, weakness stinger 1
a: Renounce Religion


You were on level 5 of the Dungeon.
You worshipped Qazlal.
Qazlal was noncommittal.
You visited 2 branches of the dungeon, and saw 6 of its levels.

You collected 125 gold pieces.

Inventory:

Hand Weapons
 a - a +0 war axe of freezing (weapon)
Missiles
 d - 3 throwing nets (quivered)
Armour
 b - a +0 leather armour
 c - a +0 helmet (worn)
 i - a +0 pair of gloves (worn)
 k - the +1 buckler "Iggeweh" (worn) {rElec rF- MP+9 Dex+3}
   (You found it on level 2 of the Dungeon)

   Dex:       It affects your dexterity (+3).
   rF:        It makes you vulnerable to fire.
   rElec:     It insulates you from electricity.
   MP:        It affects your magic capacity (+9).
 m - a +0 scale mail (worn)
 s - a scarf of resistance (worn)
Jewellery
 h - a +6 ring of dexterity (left hand)
 t - a +4 ring of protection (right hand)
 w - a ring of protection from fire
 x - a +6 ring of intelligence
Scrolls
 g - a scroll of teleportation
 j - 2 scrolls of holy word
 q - a scroll of amnesia {unknown}
 r - a scroll of enchant weapon {unknown}
 u - 6 scrolls of identify
 v - a scroll of fog
Potions
 e - a potion of degeneration {unknown}
 f - 2 potions of mutation
 l - a potion of haste {unknown}
 n - a potion of lignification {unknown}
 o - a potion of flight {unknown}
 p - a potion of curing


   Skills:
 - Level 2.0 Fighting
 * Level 8.6 Axes
 - Level 1.7 Throwing
 - Level 2.6 Dodging
 + Level 0.9 Shields


You had 6 spell levels left.
You didn't know any spells.
Your spell library contained the following spells:

 Spells                   Type           Power      Damage    Failure   Level
 Static Discharge         Conj/Air       0%         N/A       97%         2
 Dispel Undead            Necr           0%         3d6       100%        4
 Sticky Flame             Conj/Fire      0%         2d3       100%        4


Dungeon Overview and Level Annotations

Branches:
Dungeon (5/15)             Temple (1/1) D:4

Altars:
Ashenzari
Cheibriados
Dithmenos
Elyvilon
Fedhas
Gozag
Hepliaklqana
Kikubaaqudgha
Makhleb
Okawaru
Qazlal
Ru
Sif Muna
Trog
Uskayaw
Vehumet
Wu Jian
Xom
Yredelemnul
Zin
The Shining One


Innate Abilities, Weirdness & Mutations

You sometimes gain a little power by taking damage.
You have a small tail.


Message History

You hit the orc warrior. You freeze the orc warrior.
You tail-slap the orc warrior, but do no damage.
The orc warrior is heavily wounded.
You slash the bullfrog skeleton!
The orc warrior hits you with a +0 war axe!
* * * LOW HITPOINT WARNING * * *
The bullfrog skeleton hits you but does no damage.
You block the orc warrior's attack.
You feel better.
The bullfrog skeleton barely misses you.
The bullfrog skeleton hits you but does no damage.
You block the orc warrior's attack.
You hit the orc warrior but do no damage.
You tail-slap the orc warrior, but do no damage.
The orc warrior is heavily wounded.
You slash the bullfrog skeleton! The bullfrog skeleton hits you.
The orc warrior hits you with a +0 war axe.
* * * LOW HITPOINT WARNING * * *
You closely miss the orc warrior.
The orc warrior is heavily wounded.
You hit the bullfrog skeleton.
You block the bullfrog skeleton's attack.
The bullfrog skeleton hits you but does no damage.
You block the orc warrior's attack.
You hit the orc warrior but do no damage.
The orc warrior is heavily wounded.
You hit the bullfrog skeleton.
You destroy the bullfrog skeleton!
Qazlal accepts your kill. The orc warrior misses you.
You hit the orc warrior. You freeze the orc warrior.
The orc warrior is severely wounded.
The orc warrior barely misses you.
You closely miss the orc warrior.
The orc warrior is severely wounded.
You block the orc warrior's attack.
You hit the orc warrior but do no damage.
The orc warrior is severely wounded.
The orc warrior hits you with a +0 war axe!
You die...

#... .
.... ..
... ...
..#####
.... .....
..... ...
......#.#
......o@#
#.#...))#
.........
.........#
.#####....
#...$.
).....
..!....


You could see an orc warrior.

Vanquished Creatures
  Grinder (D:4)
  An ogre (D:4)
  A necrophage (D:4)
  A scorpion (D:4)
  A jelly (D:4)
  4 orc priests
  A bullfrog skeleton (D:5)
  4 orc wizards (D:4)
  2 hound skeletons (D:4)
  Robin (D:3)
  5 adders
  2 ufetubi (D:4)
  2 adder skeletons (D:4)
  3 worms
  3 dart slugs
  19 orcs
  6 ball pythons
  2 bats (D:3)
  6 endoplasms
  3 giant cockroaches (D:1)
  8 hobgoblins
  7 jackals
  4 quokkas
  2 frilled lizards
  13 goblins
  4 kobolds
  3 rats (D:2)
109 creatures vanquished.

Notes
Turn   | Place    | Note
-------+----------+-------------------------------------------
     0 | D:1      | Holzbalken the Demonspawn Gladiator began the quest for the
                  | Orb.
     0 | D:1      | Reached XP level 1. HP: 16/16 MP: 1/1
   159 | D:1      | Reached skill level 3 in Axes
   304 | D:1      | Gained mutation: You sometimes gain a little power by
                  | taking damage. [demonic ancestry]
   304 | D:1      | Reached XP level 2. HP: 20/22 MP: 2/2
   838 | D:1      | Found a faded altar of an unknown god.
  1110 | D:2      | Reached XP level 3. HP: 21/27 MP: 3/3
  1679 | D:2      | Reached skill level 4 in Axes
  1724 | D:2      | Identified the +1 buckler "Iggeweh" {rElec rF- MP+9 Dex+3}
  2354 | D:3      | Noticed Robin
  2363 | D:3      | Killed Robin
  2364 | D:3      | Gained mutation: You have a small tail. [demonic ancestry]
  2364 | D:3      | Reached XP level 4. HP: 19/33 MP: 4/4
  2873 | D:3      | Reached skill level 5 in Axes
  2893 | D:3      | Reached XP level 5. HP: 38/38 MP: 5/5
  3765 | D:4      | Reached skill level 6 in Axes
  3920 | D:4      | Noticed Grinder
  3926 | D:4      | Reached XP level 6. HP: 39/44 MP: 6/6
  3941 | D:4      | Paralysed by Grinder for 7 turns
  4343 | D:4      | Reached skill level 7 in Axes
  4346 | D:4      | Reached XP level 7. HP: 14/50 MP: 7/7
  4684 | D:4      | Paralysed by Grinder for 6 turns
  4698 | D:4      | Paralysed by Grinder for 3 turns
  4707 | D:4      | Killed Grinder
  4708 | D:4      | Reached skill level 8 in Axes
  5580 | D:4      | Found a staircase to the Ecumenical Temple.
  5589 | Temple   | Entered the Ecumenical Temple
  5671 | Temple   | Became a worshipper of Qazlal Stormbringer
  5833 | D:5      | Entered Level 5 of the Dungeon
  5856 | D:5      | Slain by an orc warrior

Illustrated notes

Levels and vault maps discovered:
D:1:      evilmike_arrival_home_sweet_home, layout_basic,
          basic_ecumenical_altar, minivault_11
D:2:      layout_basic
D:3:      layout_loops_cross, uniq_robin
D:4:      layout_loops_ring, temple_hall, minmay_fractal_squares_diagonal_5,
          uniq_grinder
D:5:      cheibrodos_iron_armory, layout_rooms, mainiacjoe_overflow_alcove_2,
          grunt_ministairs_11, hangedman_decor_clover_reticule,
          kennysheep_generic_room_12
Temple:   minmay_crystal_snake_temple

Skill      XL: |  1  2  3  4  5  6  7 |
---------------+----------------------+-----
Axes           | 3 4 5 6 7 8 |  8.6
Fighting       | |  2.0
Throwing       | |  1.7
Dodging        | |  2.6
Shields        | |  0.9

Action                   |  1- 3 |  4- 6 |  7- 9 || total
-------------------------+-------+-------+-------++-------
Melee: War axe           |   113 |    97 |    78 ||   288
       Punch             |     2 |       |       ||     2
       Tailslap          |       |    10 |    16 ||    26
  Use: Scroll            |       |     9 |       ||     9
       Potion            |       |       |     2 ||     2
 Stab: Sleeping          |     1 |       |       ||     1
Armor: Leather armour    |    39 |    16 |       ||    55
       Scale mail        |       |    39 |    22 ||    61
Dodge: Dodged            |    81 |    56 |    31 ||   168
Block: Buckler           |     9 |    27 |    19 ||    55
